 Dungeon Crawl Stone Soup version 0.23-a0-301-g9da9e51 (webtiles) character file.

294 bonscott the Gusty (level 6, -8/32 HPs)
             Began as a Tengu Venom Mage on Oct 7, 2018.
             Mangled by Crazy Yiuf
             ... wielding a +2 quarterstaff of chaos
              (20 damage)
             ... on level 2 of the Dungeon.
             The game lasted 00:09:57 (1968 turns).

bonscott the Gusty (Tengu Venom Mage)               Turns: 1968, Time: 00:09:58

Health: -8/32      AC:  2    Str:  9    XL:     6   Next: 34%
Magic:  6/11       EV: 13    Int: 17    God:
Gold:   113        SH:  0    Dex: 14    Spells: 8/11 levels left

rFire    . . .     SeeInvis .   f - +0 dagger
rCold    . . .     Gourm    .   (no shield)
rNeg     . . .     Faith    .   a - +0 robe
rPois    .         Spirit   .   (helmet restricted)
rElec    .         Reflect  .   (no cloak)
rCorr    .         Harm     .   (no gloves)
MR       .....                  (boots unavailable)
Stlth    ++........             (no amulet)
HPRegen  0.10/turn              (no ring)
MPRegen  0.12/turn              (no ring)

@: no status effects
A: beak, talons 3, able to fly 1
a: Fly


You were on level 2 of the Dungeon.
You were not hungry.

You visited 1 branch of the dungeon, and saw 2 of its levels.

You collected 113 gold pieces.

Inventory:

Hand Weapons
 f - a +0 dagger (weapon)
 i - a +0 spear
 t - a +0 scythe
Missiles
 b - 17 arrows
 d - 131 stones (quivered)
 o - 30 bolts
 p - 14 sling bullets
Armour
 a - a +0 robe (worn)
Jewellery
 e - a +6 ring of strength {unknown}
 k - a +6 ring of intelligence {unknown}
Scrolls
 m - a scroll of enchant weapon {unknown}
 n - a scroll of fear {unknown}
Potions
 g - a potion of resistance {unknown}
 h - 3 potions of curing {unknown}
 j - a potion of ambrosia {unknown}
 l - a potion of lignification {unknown}
 q - a potion of agility
 s - a potion of heal wounds {unknown}
 u - 2 potions of degeneration {unknown}
Comestibles
 c - 8 rations
 r - 2 chunks of flesh


   Skills:
 - Level 2.3 Dodging
 - Level 3.0 Stealth
 - Level 3.2 Spellcasting
 - Level 1.5 Conjurations
 - Level 5.9 Air Magic
 + Level 3.3 Poison Magic


You had 8 spell levels left.
You knew the following spells:

 Your Spells              Type           Power        Failure   Level  Hunger
a - Sting                 Conj/Pois      ##..         6%          1    None
b - Poisonous Vapours     Pois/Air       ###...       3%          2    ##.....

Your spell library contained the following spells:

 Spells                   Type           Power        Failure   Level  Hunger
 Mephitic Cloud           Conj/Pois/Air  ##......     12%         3    ###....
 Olgreb's Toxic Radiance  Pois           ##......     41%         4    ####...
 Venom Bolt               Conj/Pois      ##........   87%         5    ######.


Dungeon Overview and Level Annotations

Branches:
Dungeon (2/15)

Altars:

Annotations:
D:2 Crazy Yiuf


Innate Abilities, Weirdness & Mutations

You have a beak for a mouth.
You have claws for feet.
You can fly.


Message History

Confirm with . or Enter, or press ? or * to list all spells.
Aiming: Poisonous Vapours (safe; 3% risk of failure)
Press: ? - help, Dir - move target cursor, f/p - Crazy Yiuf
Aim: Crazy Yiuf, wielding a quarterstaff of chaos and wearing an embroidered But poisonous vapours would do no harm to Crazy Yiuf!
Casting: Poisonous Vapours (safe; 3% risk of failure)
Confirm with . or Enter, or press ? or * to list all spells.
Aiming: Sting (safe; 6% risk of failure)
Press: ? - help, Shift-Dir - straight line, f/p - Crazy Yiuf
Aim: Crazy Yiuf, wielding a quarterstaff of chaos and wearing an embroidered The sting misses Crazy Yiuf.
Crazy Yiuf barely misses you.
You closely miss Crazy Yiuf. You peck Crazy Yiuf.
Crazy Yiuf is lightly wounded.
Crazy Yiuf barely misses you.
You hit Crazy Yiuf but do no damage. Your peck misses Crazy Yiuf.
Crazy Yiuf is lightly wounded.
Crazy Yiuf hits you with a quarterstaff of chaos!
You are electrocuted!
Ouch! That really hurt!
You die...

..........^.....................<
######################..######.##
...........# #### #.#
############ ##### #.# #)..# #.#
#...# #.# ... #.# #g# #.# #@##
#.# ##.# #.# #.## #.# ##.# #.#
#.## #.# ###..# .## #.# #....#
..# #.# ##..## #.# #.# ##....###
#.# #.#


You could see Crazy Yiuf.

Vanquished Creatures
  Sigmund (D:2)
  Jessica (D:2)
  Natasha (twice) (D:2)
  A worker ant (D:2)
  A dart slug (D:1)
  A ball python (D:2)
  6 bats
  6 goblins
  4 hobgoblins (D:1)
  2 frilled lizards
  6 kobolds
  8 rats
39 creatures vanquished.

Notes
Turn   | Place    | Note
-------+----------+-------------------------------------------
     0 | D:1      | bonscott the Tengu Venom Mage began the quest for the Orb.
     0 | D:1      | Reached XP level 1. HP: 10/10 MP: 4/4
   161 | D:1      | Reached XP level 2. HP: 15/15 MP: 1/6
   236 | D:1      | Learned a level 2 spell: Poisonous Vapours
   945 | D:2      | Reached XP level 3. HP: 19/19 MP: 4/7
  1368 | D:2      | Noticed Jessica
  1373 | D:2      | Killed Jessica
  1373 | D:2      | Reached skill level 2 in Air Magic
  1373 | D:2      | Reached XP level 4. HP: 24/24 MP: 0/9
  1574 | D:2      | Noticed Sigmund
  1586 | D:2      | Killed Sigmund
  1586 | D:2      | Reached skill level 5 in Air Magic
  1586 | D:2      | Gained mutation: You can fly. [Tengu growth]
  1586 | D:2      | Reached XP level 5. HP: 9/28 MP: 0/10
  1586 | D:2      | Reached XP level 6. HP: 11/32 MP: 0/11
  1888 | D:2      | Noticed Natasha
  1891 | D:2      | Killed Natasha
  1958 | D:2      | Found a runed door.
  1962 | D:2      | Noticed Natasha
  1962 | D:2      | Noticed Crazy Yiuf
  1965 | D:2      | Killed Natasha
  1968 | D:2      | Mangled by Crazy Yiuf

Vault maps used:
D:1:      lightli_arrival_maybe_door_vault
D:2:      first_ration, uniq_natasha, uniq_jessica, uniq_sigmund,
          uniq_crazy_yiuf_cottage

Skill      XL: |  1  2  3  4  5  6 |
---------------+-------------------+-----
Spellcasting   | 3 |  3.2
Air Magic      | 2 5 |  5.9
Stealth        | 3 |  3.0
Dodging        | |  2.3
Conjurations   | |  1.5
Poison Magic   | |  3.3

Action                   |  1- 3 |  4- 6 || total
-------------------------+-------+-------++-------
Melee: Unarmed           |     2 |       ||     2
       Dagger            |     5 |    16 ||    21
       Kick              |     1 |     3 ||     4
       Peck              |       |     2 ||     2
Throw: Stone             |       |     4 ||     4
 Cast: Sting             |    16 |     3 ||    19
       Poisonous Vapours |    23 |    13 ||    36
  Eat: Chunk             |     3 |     2 ||     5
Armor: Robe              |     4 |     2 ||     6
Dodge: Dodged            |     6 |    14 ||    20

Table legend:
 A = Non-vault XP
 B = Vault XP
 C = Vault XP percentage of total XP
 D = Non-vault monster count
 E = Vault monster count
 F = Vault count percentage of total count
                 A         B        C        D         E       F
            +---------+---------+-------+---------+---------+-------
      Total |     124 |     297 |  70.5 |      36 |       3 |   7.7
            +---------+---------+-------+---------+---------+-------
        D:1 |      32 |       0 |   0.0 |      18 |       0 |   0.0
        D:2 |      92 |     297 |  76.3 |      18 |       3 |  14.3
            +---------+---------+-------+---------+---------+-------
